 Dungeon Crawl Stone Soup version 0.17-a0-82-g3e33fa6 (webtiles) character file.

514 MackTheKnife the Covert (level 7, -4/50 HPs)
             Began as a Demonspawn Assassin on Mar 14, 2015.
             Slain by a gnoll
             ... wielding a +1 halberd of protection
              (6 damage)
             ... on level 4 of the Dungeon on Mar 16, 2015.
             The game lasted 00:11:49 (4407 turns).

MackTheKnife the Covert (Demonspawn Assassin)       Turns: 4407, Time: 00:11:49

Health: -4/50      AC:  8    Str: 11    XL:     7   Next: 0%
Magic:  7/7        EV: 11    Int: 13    God:
Gold:   214        SH:  0    Dex: 16    Spells: 0 memorised, 6 levels left

rFire  + . .     SeeInvis .     b - +0 blowgun
rCold  . . .     Clarity  .     c - +0 robe
rNeg   . . .     SustAb   .     (no shield)
rPois  .         Gourm    .     (no helmet)
rElec  .         Spirit   .     d - +0 cloak
rCorr  .         Warding  .     l - +0 pair of gloves
rMut   .         Stasis   .     u - +0 pair of boots
MR     .....                    (no amulet)
Stlth  ++++......               (no ring)
                                E - ring of protection from fire {rF+, !d}

@: hasted, very quick, not resistant to hostile enchantments, stealthy
A: claws 1, thin metallic scales 2, powered by death 1, powered by pain 1
a: no special abilities


You were on level 4 of the Dungeon.
You were hungry.

You visited 1 branch of the dungeon, and saw 5 of its levels.

You collected 214 gold pieces.

Inventory:

Hand weapons
 a - a +2 dagger
 b - a +0 blowgun (weapon)
 C - the +7 halberd "Shroohoak" {elec, Stlth+}
   (You found it on level 4 of the Dungeon)

   Occasionally, upon striking a foe, it will discharge some electrical energy
   and cause terrible harm.
   It makes you more stealthy.
Missiles
 e - 15 poisoned needles (quivered)
Armour
 c - a +0 robe (worn)
 d - a +0 cloak (worn)
 l - a +0 pair of gloves (worn)
   (You found it on level 1 of the Dungeon)
 u - a +0 pair of boots (worn)
   (You found it on level 2 of the Dungeon)
Magical staves
 v - an uncursed staff of earth {unknown}
   (You found it on level 2 of the Dungeon)
Jewellery
 E - a ring of protection from fire (left hand) {rF+, !d}
   (You found it on level 4 of the Dungeon)
Magical devices
 f - a wand of cold (8)
   (You found it on level 5 of the Dungeon)
Scrolls
 k - 5 scrolls of identify
 n - 2 scrolls of remove curse
 t - 5 scrolls of teleportation
 y - a scroll of amnesia
Potions
 h - a potion of restore abilities {unknown}
 m - 2 potions of resistance {unknown}
 o - a potion of brilliance {unknown}
 r - 4 potions of curing
 s - 2 potions of agility
 w - a potion of poison {unknown}
 x - a potion of lignification {unknown}
 B - a potion of flight {unknown}
Comestibles
 g - 3 bread rations {@e1}
 i - a slice of pizza
 j - 2 meat rations {@e2}
 q - a beef jerky
 A - 6 fruits


   Skills:
 - Level 2.0 Fighting
 - Level 1.7 Short Blades
 - Level 1.7 Throwing
 - Level 0.8 Dodging
 + Level 8.3 Stealth


You had 6 spell levels left.
You didn't know any spells.

Dungeon Overview and Level Annotations

Branches:
Dungeon (5/15)
 Temple: D:4-7

Altars:

Annotations:
D:5 Ngotmuk's ghost, experienced MiFi


Innate Abilities, Weirdness & Mutations

You have sharp fingernails.
You are mostly covered in thin metallic scales (AC +3).
You can steal the life force of nearby defeated enemies.
You sometimes gain a little power by taking damage.


Message History

You now have 214 gold pieces (gained 15).
You see here a morningstar.
Found a stone staircase leading up.
An iguana comes into view.
An iguana is nearby!
Found a stone staircase leading up.
The helpless iguana fails to defend itself.
You perforate the iguana like a sieve!!!!
You kill the iguana!
You have reached level 7!
Your demonic ancestry asserts itself...
Your fingernails lengthen.
Health restored: 50; MP restored: 7 You see here a robe.
Ngotmuk's ghost (experienced Minotaur Fighter) comes into view.
Ngotmuk's ghost turns its malevolent gaze towards you.
You hit the bush but do no damage.
You see here a robe.
You hit the bush but do no damage.
Ngotmuk's ghost wails, "I have seen your future, and it is all used up."
Ngotmuk's ghost turns its malevolent gaze towards you.
There is a stone staircase leading up here.
You climb upwards.
There is a stone staircase leading down here.
You see here 14 arrows.
You are feeling hungry.
There is an open door here.
A hobgoblin comes into view. It is wielding a club.
A hobgoblin is nearby!
A hobgoblin is nearby!
The hobgoblin shouts!
You hit the hobgoblin!
You kill the hobgoblin!
No target in view!
No target in view!
Things that are here:
a club; a hobgoblin corpse You feel less regenerative.
There is an open door here.
k - 5 scrolls of identify (gained 3)
A gnoll comes into view. It is wielding a club.
A gnoll is nearby!
The gnoll shouts!
The gnoll shaman shouts!
The gnoll shouts!
The gnoll hits you from afar with a spear.
The gnoll shaman mumbles some strange prayers to its god against you.
You are outlined in light.
The gnoll shouts!
You take 5 damage, and have 45/50 hp.
You barely miss the gnoll shaman. The gnoll barely misses you.
The gnoll shaman hits you but does no damage.
The gnoll hits you from afar with a halberd of protection.
You take 3 damage, and have 42/50 hp.
You hit the gnoll shaman! The gnoll hits you but does no damage.
The gnoll shaman hits you with an enchanted whip.
You take 6 damage, and have 36/50 hp.
You hit the gnoll shaman. You hit the gnoll shaman.
The gnoll shaman closely misses you. The gnoll barely misses you.
You closely miss the gnoll shaman.
The gnoll shaman hits you with an enchanted whip.
The gnoll hits you from afar with a halberd of protection!
You take 12 damage, and have 25/50 hp.
MASSIVE DAMAGE!!
Wield which item (- for none, * to show all)? (? for menu, Esc to quit)
b - a +0 blowgun (weapon)
The gnoll shaman calls upon its god to speed up the gnoll.
The gnoll seems to speed up.
The gnoll shaman mumbles some strange prayers to its god.
The gnoll shaman is healed somewhat.
You are too injured to fight recklessly!
Unknown command.
Aim: a gnoll shaman, wielding an enchanted whip and wearing a leather armour (moderately wounded)
You shoot a poisoned needle.
The poisoned needle hits the gnoll shaman!
The gnoll shaman is poisoned.
Aim: a gnoll shaman, wielding an enchanted whip and wearing a leather armour (moderately wounded, poisoned)
You shoot a poisoned needle.
The poisoned needle hits the gnoll shaman!
The gnoll shaman looks even sicker.
The gnoll hits you from afar with a halberd of protection!
* * * LOW HITPOINT WARNING * * *
The gnoll shaman closely misses you.
You take 11 damage, and have 15/50 hp.
MASSIVE DAMAGE!!
There is an open door here.
There is an open door here.
The gnoll barely misses you.
You are no longer glowing.
The gnoll hits you from afar with a halberd of protection!
* * * LOW HITPOINT WARNING * * *
You take 15 damage, and have 2/50 hp.
MASSIVE DAMAGE!!
Drink which item? (? for menu, Esc to quit)
Okay, then.
Read which item? (? for menu, Esc to quit)
Okay, then.
Drink which item? (? for menu, Esc to quit)
You feel yourself speed up.
The gnoll hits you from afar with a halberd of protection.
You die...

#.########.#.### #g#g#..<#
#........#.#g#####
#.#...#.#
#########.#.......#
#.#.(...#
).........#.......#
#.#...###
###########.......#
#.#.... ........#
#.......# #.#.####
#######.# #.......# #.#.#
#.# #.#g#######.#.#
#.###.#.g.@.....#.#
#....(###########.#
####### #########.##
#..........#
###############.#######..#
.........(.............>.#
###.##########...#######.#
###.# #...# #.# ....#
#...# #.#


You could see a gnoll shaman and a gnoll.

Vanquished Creatures
  An orc warrior (D:5)
  A crimson imp (D:3)
  An iguana (D:5)
  A giant frog skeleton (D:5)
  Crazy Yiuf (D:3)
  2 orc priests
  A centaur skeleton (D:5)
  An orc wizard (D:3)
  A worker ant zombie (D:5)
  A gnoll (D:4)
  4 adders
  A giant mite (D:2)
  A worm (D:3)
  4 giant geckos
  14 orcs
  A bat zombie (D:5)
  2 giant cockroaches (D:3)
  11 goblins
  9 hobgoblins
  9 kobolds
  2 quokkas
  7 bats
  4 giant newts
  13 jackals
  9 rats
102 creatures vanquished.

Notes
Turn   | Place    | Note
--------------------------------------------------------------
     0 | D:1      | MackTheKnife, the Demonspawn Assassin, began the quest for the Orb.
     0 | D:1      | Reached XP level 1. HP: 16/16 MP: 1/1
     2 | D:1      | Upgraded the game from 0.17-a0-77-gee7a2f2 to 0.17-a0-81-g781747f
    99 | D:1      | Reached skill level 4 in Stealth
   133 | D:1      | Gained mutation: You sometimes gain a little power by taking damage. [demonic ancestry]
   133 | D:1      | Reached XP level 2. HP: 17/22 MP: 2/2
   934 | D:2      | Gained mutation: You are partially covered in thin metallic scales (AC +2). [demonic ancestry]
   934 | D:2      | Reached XP level 3. HP: 24/27 MP: 3/3
  1086 | D:2      | Reached skill level 5 in Stealth
  1626 | D:2      | Gained mutation: You are mostly covered in thin metallic scales (AC +3). [demonic ancestry]
  1626 | D:2      | Reached XP level 4. HP: 30/33 MP: 4/4
  2284 | D:3      | Reached skill level 6 in Stealth
  2298 | D:3      | Noticed Crazy Yiuf
  2308 | D:3      | Killed Crazy Yiuf
  2308 | D:3      | Reached XP level 5. HP: 27/38 MP: 5/5
  2987 | D:3      | Reached skill level 7 in Stealth
  3390 | D:4      | HP: 5/38 [orc priest/divine providence (11)]
  3397 | D:4      | Gained mutation: You can steal the life force of nearby defeated enemies. [demonic ancestry]
  3397 | D:4      | Reached XP level 6. HP: 31/44 MP: 6/6
  3466 | D:4      | Got a warped halberd
  3499 | D:4      | Upgraded the game from 0.17-a0-81-g781747f to 0.17-a0-82-g3e33fa6
  3581 | D:4      | Identified the +7 halberd "Shroohoak" {elec, Stlth+} (You found it on level 4 of the Dungeon)
  3801 | D:5      | Entered Level 5 of the Dungeon
  4107 | D:5      | Reached skill level 8 in Stealth
  4234 | D:5      | Gained mutation: You have sharp fingernails. [demonic ancestry]
  4234 | D:5      | Reached XP level 7. HP: 50/50 MP: 7/7
  4253 | D:5      | Noticed Ngotmuk's ghost (experienced MiFi)
  4406 | D:4      | HP: 2/50 [gnoll/halberd of protection (15)]
  4407 | D:4      | Slain by a gnoll

Action                   |  1- 3 |  4- 6 |  7- 9 || total
-------------------------+-------+-------+-------++-------
Melee: Dagger            |   109 |   212 |     8 ||   329
 Fire: Blowgun           |     5 |    10 |     2 ||    17
Throw: Stone             |       |     5 |       ||     5
Evoke: Wand              |       |     1 |       ||     1
  Use: Scroll            |     7 |     7 |       ||    14
       Potion            |       |     3 |     1 ||     4
 Stab: Sleeping          |     3 |    10 |       ||    13
       Distracted        |     1 |     1 |       ||     2
  Eat: Chunk             |     2 |     7 |       ||     9
       Beef jerky        |       |     1 |       ||     1

Vault maps used:
D:1:      dpeg_arrival_boxes_within_box
D:3:      first_bread, uniq_crazy_yiuf_cottage
D:5:      minmay_hedge_maze

Table legend:
 A = Turns spent in this place as a percentage of turns spent in the entire game.
 B = Non-inter-level travel turns spent in this place as a percentage of non-inter-level travel turns spent in the entire game.
 C = Inter-level travel turns spent in this place as a percentage of turns spent in this place.
 D = Turns resting spent in this place as a percentage of non-inter-level travel turns spent in this place.
 E = Turns spent auto-exploring this place as a percentage of non-inter-level travel turns spent in this place.
 F = Non-inter-level travel turns spent in this place divided by the number of levels of this place that you've seen.
                   A       B       C       D       E      F
               +-------+-------+-------+-------+-------+----------------------
         Total | 100.0 | 100.0 |   0.3 |   1.4 |   8.5 | 307.8
       Dungeon | 100.0 | 100.0 |   0.3 |   1.4 |   8.5 | 307.8
               +-------+-------+-------+-------+-------+----------------------

Table legend:
 A = Kills in this place as a percentage of kills in entire the game.
 B = Kills by you in this place as a percentage of kills by you in the entire game.
 C = Kills by friends in this place as a percentage of kills by friends in the entire game.
 D = Other kills in this place as a percentage of other kills in the entire game.
 E = Experience gained in this place as a percentage of experience gained in the entire game.
 F = Experience gained in this place divided by the number of levels of this place that you have seen.
                   A       B       C       D       E      F
               +-------+-------+-------+-------+-------+----------------------
         Total | 100.0 | 100.0 |  -nan |  -nan | 100.0 | 147.0
       Dungeon | 100.0 | 100.0 |  -nan |  -nan | 100.0 | 147.0
               +-------+-------+-------+-------+-------+----------------------
